 Dungeon Crawl Stone Soup version 0.25.0-37-gb73750e0fb (webtiles) character file.

Game seed: 9897318503401494713

63 Ethylacetat the Poker (level 4, -1/30 HPs)
             Began as an Octopode Gladiator on July 9, 2020.
             Killed from afar by an orc wizard (8 damage)
             ... with a magic dart
             ... on level 2 of the Dungeon.
             The game lasted 00:01:55 (1714 turns).

Ethylacetat the Poker (Octopode Gladiator)          Turns: 1714, Time: 00:01:55

Health: -1/30      AC:  1    Str: 14    XL:     4   Next: 10%
Magic:  4/4        EV: 14    Int: 10    God:
Gold:   43         SH:  0    Dex: 13    Spells: 3/3 levels left

rFire    . . .     SeeInvis .   a - +0 trident
rCold    . . .     Gourm    .   (no shield)
rNeg     . . .     Faith    .   b - +0 hat
rPois    .         Spirit   .   (no amulet)
rElec    .         Reflect  .   (no ring)
rCorr    .         Harm     .   (no ring)
MR       .....                  (no ring)
Stlth    ++........             (no ring)
HPRegen  0.10/turn              (no ring)
MPRegen  0.09/turn              (no ring)
                                (no ring)
                                (no ring)

@: no status effects
A: almost no armour, stealthy swim, amphibious, 8 rings, constrict 8, camouflage
1, gelatinous body 1
a: no special abilities


You were on level 2 of the Dungeon.
You were not hungry.

You visited 1 branch of the dungeon, and saw 2 of its levels.

You collected 43 gold pieces.

Inventory:

Hand Weapons
 a - a +0 trident (weapon)
Missiles
 c - 3 throwing nets (quivered)
Armour
 b - a +0 hat (worn)
Scrolls
 e - 2 scrolls of fog {unknown}
 f - a scroll of remove curse {unknown}
 g - a scroll of fear {unknown}
 h - 2 scrolls of immolation {unknown}
 j - a scroll of enchant armour {unknown}
 l - a scroll of teleportation {unknown}
 m - a scroll of amnesia {unknown}
 o - a scroll of identify {unknown}
Potions
 i - 2 potions of berserk rage {unknown}
 k - a potion of flight {unknown}
 n - a potion of curing {unknown}
Comestibles
 d - 4 rations
 p - 4 chunks of flesh


   Skills:
 + Level 2.9 Fighting
 * Level 4.3 Polearms
 - Level 2.0 Throwing
 - Level 3.0 Dodging


You had 3 spell levels left.
You didn't know any spells.
Your spell library was empty.

Dungeon Overview and Level Annotations

Branches:
Dungeon (2/15)

Altars:


Innate Abilities, Weirdness & Mutations

You cannot wear most types of armour.
You are very stealthy in the water. (Stealth+)
You are amphibious.
You can wear up to eight rings at the same time.
You can use your tentacles to constrict eight enemies at once.
Your skin changes colour to match your surroundings (Stealth+).
Your rubbery body absorbs attacks. (AC +1, EV +1)


Message History

a +0 club; a cursed -1 club; a hobgoblin skeleton; a goblin skeleton The orc wizard gestures wildly while chanting.
The orc wizard blinks!
Items here: )) ÷÷ a +0 club; a cursed -1 club; a hobgoblin skeleton; a goblin skeleton The orc wizard casts a spell at you.
The magic dart hits you!
The orc priest miscasts a cantrip.
You are too injured to fight recklessly!
You are too injured to fight recklessly!
You are too injured to fight recklessly!
The orc wizard gestures at you while chanting.
The magic dart hits you.
* * * LOW HITPOINT WARNING * * *
You puncture the orc wizard! Your grab misses the orc wizard.
You squeeze the orc wizard, but do no damage.
The orc wizard is severely wounded.
The orc wizard casts a spell at you. The magic dart hits you!
You die...

...........# ......?....#
...........# ...........#
...........# ...........#
#########
...........######.......###
......†......o)o@o.....(..
..............###.......#
..#########.#.###.......#
#....##.......#
####....##.......#
#.......##.......#
#.......##.......#
#.......##...)...#
#.......##...#.###


You could see an orc priest, an orc wizard (fast) and an orc.

Vanquished Creatures
  2 adders (D:2)
  A worm (D:2)
  2 giant cockroaches (D:1)
  5 goblins
  9 hobgoblins
  4 jackals (D:1)
  A quokka (D:2)
  4 bats
  3 frilled lizards
  5 kobolds (D:1)
  A rat (D:1)
37 creatures vanquished.

Notes
Turn   | Place    | Note
-------+----------+-------------------------------------------
     0 | D:1      | Ethylacetat the Octopode Gladiator began the quest for the
                  | Orb.
     0 | D:1      | Reached XP level 1. HP: 14/14 MP: 1/1
   176 | D:1      | Reached XP level 2. HP: 19/19 MP: 2/2
   553 | D:1      | Reached XP level 3. HP: 22/25 MP: 3/3
  1224 | D:2      | Reached skill level 4 in Polearms
  1605 | D:2      | Reached XP level 4. HP: 23/30 MP: 4/4
  1714 | D:2      | Killed from afar by an orc wizard

Illustrated notes

Levels and vault maps discovered:
D:1:      roderic_lyre, layout_loops_ring
D:2:      layout_basic

Skill      XL: |  1  2  3 |
---------------+----------+-----
Polearms       | 4 |  4.3
Fighting       | |  2.9
Throwing       | |  2.0
Dodging        | |  3.0

Action                   |  1- 3 |  4- 6 || total
-------------------------+-------+-------++-------
Melee: Trident           |    72 |     5 ||    77
       Constrict         |    15 |     1 ||    16
       Tentacles         |    11 |     1 ||    12
 Stab: Sleeping          |    10 |       ||    10
  Eat: Chunk             |     1 |     1 ||     2
Armor: Skin              |     6 |       ||     6
Dodge: Dodged            |    45 |     1 ||    46
